 Dungeon Crawl Stone Soup version 0.28.0-49-g6dfe1f597d (webtiles) character file.

Game seed: 13560318861828193499

5 Exodus22XD the Covered (level 1, -3/20 HPs)
             Began as a Minotaur Fighter on May 14, 2022.
             Succumbed to a kobold's poison
             ... on level 1 of the Dungeon.
             The game lasted 00:00:12 (571 turns).

Exodus22XD the Covered (Minotaur Fighter)            Turns: 571, Time: 00:00:12

Health: -3/20      AC:  7    Str: 20    XL:     1   Next: 66%
Magic:  0/0        EV:  9    Int:  5    God:
Gold:   29         SH:  4    Dex:  9    Spells: 0/0 levels left

rFire   . . .      SeeInvis .   a - +0 war axe
rCold   . . .      Faith    .   c - +0 buckler
rNeg    . . .      Spirit   .   b - +0 scale mail
rPois   .          Reflect  .   (helmet restricted)
rElec   .          Harm     .   (no cloak)
rCorr   .          Rampage  .   (no gloves)
Will    .....                   (no boots)
Stlth   ..........              (no amulet)
HPRegen 0.06/turn               (no ring)
MPRegen 0.07/turn               (no ring)

@: lethally poisoned (-3 -> -16)
A: horns 2, retaliatory headbutt
a: no special abilities


You were on level 1 of the Dungeon.
You visited 1 branch of the dungeon, and saw 1 of its levels.

You collected 29 gold pieces.

Inventory:

Hand Weapons
 a - a +0 war axe (weapon)
Armour
 b - a +0 scale mail (worn)
 c - a +0 buckler (worn)
Jewellery
 h - a +6 ring of intelligence
Scrolls
 g - 2 scrolls of teleportation {unknown}
 j - a scroll of blinking {unknown}
Potions
 d - a potion of might
 e - a potion of resistance {unknown}
 f - a potion of haste {unknown}
 i - a potion of flight {unknown}


   Skills:
 + Level 3.7 Fighting
 + Level 2.4 Axes
 + Level 3.8 Armour
 + Level 3.7 Shields


You couldn't memorise any spells.
You didn't know any spells.
Your spell library was empty.

Dungeon Overview and Level Annotations

Branches:
Dungeon (1/15)

Altars:


Innate Abilities, Weirdness & Mutations

You have a pair of horns on your head.
You reflexively headbutt those who attack you in melee.


Message History

You see here a frilled lizard corpse.
j - a scroll labelled TUFAFE ROYVOTS No target in view!
An endoplasm comes into view.
The endoplasm quivers.
An endoplasm is nearby!
An endoplasm is nearby!
You slash the endoplasm!
You kill the endoplasm!
A kobold comes into view. It is wielding a +4 dagger of venom.
The kobold shouts!
A kobold is nearby!
The kobold hits you but does no damage.
You are poisoned.
You hit the kobold but do no damage.
You feel sick. The kobold closely misses you.
A kobold is nearby!
A kobold is nearby!
A kobold is nearby!
You hit the kobold.
The kobold is severely wounded.
You feel sick.
The kobold hits you with a +4 dagger of venom.
You are lethally poisoned!
You closely miss the kobold. Your headbutt misses the kobold.
The kobold is severely wounded.
You feel very sick.
The kobold hits you with a +4 dagger of venom. x2
* * * LOW HITPOINT WARNING * * *
You are too injured to fight recklessly!
There is a lethal amount of poison in your body!
There is a lethal amount of poison in your body!
You are too injured to fight recklessly!
There is a lethal amount of poison in your body!
You are too injured to fight recklessly!
There is a lethal amount of poison in your body!
You are too injured to fight recklessly!
You closely miss the kobold.
The kobold is severely wounded.
You die...

#..........................#
#..
#..#######.###############.#
#.. #..# #.# #.# #.. #..#
#.# #.# #.. #..# #.# #.# #..
##.# #.# ##### #.####.. #..
..# ...# #.##.... ###
########.####.##.#..
#.K@................
#.......##.####.####..
#.#.###.##.# #.###### .....
#.##.# #....... # #.# #.##.#
#.###### #. #.##.# #.# # .
..##.# ### # # #.##.. . ###
#


You could see a kobold.

Vanquished Creatures
  A dart slug (D:1)
  An endoplasm (D:1)
  A frilled lizard (D:1)
  A rat (D:1)
4 creatures vanquished.

Notes
Turn   | Place    | Note
-------+----------+-------------------------------------------
     0 | D:1      | Exodus22XD the Minotaur Fighter began the quest for the
                  | Orb.
     0 | D:1      | Reached XP level 1. HP: 19/19 MP: 0/0
   570 | D:1      | HP: 1/20 [kobold/+4 dagger of venom (6)]
   571 | D:1      | Succumbed to a kobold's poison

Illustrated notes

Levels and vault maps discovered:
D:1:      lemuel_arrival_lava_pool, layout_basic

Action                   || total
-------------------------++-------
Melee: War axe           ||    13
Armor: Scale mail        ||     4
Dodge: Dodged            ||     4
Block: Buckler           ||     3
